AoeStats
← TMK

MegaRandom

505277706Analyzed
1v1 RM · 24d ago on Sep 8, 2026· 45m 59s· 2 players
Game mode
Random Map
Map size
Tiny (2 player)
Population
200
Speed
Normal
Resources
Standard
Victory
Conquest
Starting age
Dark Age
Ending age
Imperial Age
RankedLock teamsTeams togetherTeam positionsShared explorationLock speedFull tech treeHidden civsTurbo modeCheats
Victory
Defeat
🇸🇪 Bohemians · Sweden
762
+15
🇪🇨 Byzantines · Ecuador
731
-15
santiagojaramillog
10:38 Feudal Age
8:54 Loom
21:30 Castle Age
29:02 Stone Mining
31:22 Scale Barding Armor
39:46 Thumb Ring
40:40 Murder Holes
44:13 Padded Archer Armor
44:03 Fletching
44:25 Forging
44:36 Chain Barding Armor
44:45 Ballistics
TMK
3:58 Loom
11:00 Feudal Age
11:41 Double-Bit Axe
11:39 Horse Collar
17:15 Wheelbarrow
22:04 Castle Age
20:54 Forging
22:26 Arson
23:10 Scale Mail Armor
24:05 Bow Saw
24:00 Heavy Plow
23:27 Pikeman
26:46 Squires
27:07 Chain Mail Armor
27:28 Iron Casting
26:48 Fletching
30:16 Ballistics
30:37 Husbandry
31:42 Hand Cart
33:16 Town Watch
35:24 Chemistry
34:08 Treadmill Crane
35:12 Bodkin Arrow
36:15 Murder Holes
36:32 Masonry
36:30 Padded Archer Armor
35:54 Light Cavalry
41:10 Leather Archer Armor
45:51 Imperial Age
43:25 Town Patrol
43:33 Scale Barding Armor
Connection lost

Rejoining the realm…

Still unreachable

The connection could not be restored.

Session expired

The server has moved on; the page needs a fresh start.